SAA
MARQUETTE MINERS @ LANNISTER UNITED LIONHEARTS
09/03/2031
 
TOP OF THE 1ST
Marquette Miners batting - Pitching for Lannister United Lionhearts : LHP Ezio Deodato
Pitching: LHP Ezio Deodato
Batting: RHB Sameen Shaw 0-0: Ball
1-0: Ground out 6-3 (Groundball, 6)
Batting: RHB Franklin Kelley 0-0: Ball
1-0: Ball
2-0: Ball
3-0: Base on Balls
Batting: SHB Ben Boston 0-0: Swinging Strike
0-1: Foul Ball, location: 2F
0-2: Ball
1-2: DOUBLE (Groundball, 5L)
Franklin Kelley to third
Runner from 3rd tries for Home, SAFE, no throw
Batting: RHB Asko Riikonen 0-0: Ball
1-0: Called Strike
1-1: Ball
2-1: Ball
3-1: Base on Balls
Batting: RHB Eli Cline 0-0: Ball
1-0: Grounds into double play, 5-4-3 (Groundball, 56)
Top of the 1st over - 1 run, 1 hit, 0 errors, 1 left on base; Marquette 1 - Lannister United 0
BOTTOM OF THE 1ST
Lannister United Lionhearts batting - Pitching for Marquette Miners : RHP Melvin Tiburcio
Pitching: RHP Melvin Tiburcio
Batting: LHB Duk-yeo Chin 0-0: Ball
1-0: Fly out, F9 (Flyball, 9S)
Batting: RHB Cristo Cuervo 0-0: Called Strike
0-1: Swinging Strike
0-2: Strikes out swinging
Batting: RHB Chong-yee Au-Yong 0-0: Ball
1-0: Called Strike
1-1: Ball
2-1: Ball
3-1: Foul Ball, location: 2F
3-2: Base on Balls
Batting: LHB Jayden Laming 0-0: Ball
1-0: Ball
2-0: 2-RUN HOME RUN (Flyball, 78D), Distance : 389 ft
Batting: LHB Takahiro Suzuki 0-0: Ball
1-0: Ball
2-0: Ball
3-0: Swinging Strike
3-1: Foul Ball, location: 2F
3-2: Base on Balls
Batting: RHB Mareka Naidoo 0-0: Called Strike
0-1: Called Strike
0-2: Ball
1-2: Ball
2-2: Ball
3-2: SINGLE (Groundball, 6MD)
Takahiro Suzuki to second
Takahiro Suzuki to third
Batting: LHB Joe Karnowski 0-0: Ball
1-0: Foul Ball, location: 2F
1-1: SINGLE (Groundball, 34D)
Takahiro Suzuki scores
Mareka Naidoo to second
Runner from 2nd tries for 3rd, SAFE, no throw
Batting: LHB Chris Fitzgerald 0-0: Ball
1-0: Foul Ball, location: 2F
1-1: Ball
2-1: Swinging Strike
2-2: Strikes out swinging
Bottom of the 1st over - 3 runs, 3 hits, 0 errors, 2 left on base; Marquette 1 - Lannister United 3
TOP OF THE 2ND
Marquette Miners batting - Pitching for Lannister United Lionhearts : LHP Ezio Deodato
Batting: RHB Steven Rohrs 0-0: Foul Ball, location: 2F
0-1: Ball
1-1: Ball
2-1: SINGLE (Line Drive, 4M)
Batting: RHB Andrew Cantrell 0-0: Grounds into double play, 6-4-3 (Groundball, 6)
Batting: RHB Roy Bowman 0-0: Ball
1-0: Ball
2-0: SINGLE (Line Drive, 8RS)
Batting: RHB Rocky Cantrell 0-0: Called Strike
0-1: Ball
1-1: Ground out 3-1 (Groundball, 34S)
Top of the 2nd over - 0 runs, 2 hits, 0 errors, 1 left on base; Marquette 1 - Lannister United 3
BOTTOM OF THE 2ND
Lannister United Lionhearts batting - Pitching for Marquette Miners : RHP Melvin Tiburcio
Batting: RHB Juan López 0-0: Ball
1-0: Ball
2-0: Foul Ball, location: 2F
2-1: Ball
3-1: Foul Ball, location: 2F
3-2: Base on Balls
Batting: LHB Duk-yeo Chin 0-0: Called Strike
0-1: Ball
1-1: Foul Ball, location: 2F
1-2: Foul Ball, location: 2F
1-2: Foul Ball, location: 2F
1-2: Foul Ball, location: 2F
1-2: Ball
2-2: Foul Ball, location: 2F
2-2: Fly out, F6 (Popup, 6M)
Batting: RHB Cristo Cuervo 0-0: Ball
1-0: Ball
2-0: Swinging Strike
2-1: Fly out, F5 (Popup, 56S)
Batting: RHB Chong-yee Au-Yong 0-0: Ball
1-0: Foul Ball, location: 2F
1-1: Swinging Strike
1-2: Foul Ball, location: 2F
1-2: Fly out, F4 (Line Drive, 4)
Bottom of the 2nd over - 0 runs, 0 hits, 0 errors, 1 left on base; Marquette 1 - Lannister United 3
TOP OF THE 3RD
Marquette Miners batting - Pitching for Lannister United Lionhearts : LHP Ezio Deodato
Batting: RHB Sameen Shaw 0-0: Ball
1-0: Ball
2-0: Ball
3-0: Called Strike
3-1: Fly out, F7 (Flyball, 7LSF)
Batting: RHB Franklin Kelley 0-0: Called Strike
0-1: Foul Ball, location: 2F
0-2: Foul Ball, location: 2F
0-2: Ground out 6-3 (Groundball, 6)
Batting: SHB Ben Boston 0-0: Called Strike
0-1: Foul Ball, location: 2F
0-2: Ball
1-2: Fly out, F6 (Line Drive, 6)
Top of the 3rd over - 0 runs, 0 hits, 0 errors, 0 left on base; Marquette 1 - Lannister United 3
BOTTOM OF THE 3RD
Lannister United Lionhearts batting - Pitching for Marquette Miners : RHP Melvin Tiburcio
Batting: LHB Jayden Laming 0-0: Swinging Strike
0-1: Foul Ball, location: 2F
0-2: Ball
1-2: Ball
2-2: Foul Ball, location: 2F
2-2: Foul Ball, location: 2F
2-2: Foul Ball, location: 2F
2-2: Ball
3-2: Base on Balls
Batting: LHB Takahiro Suzuki 0-0: Called Strike
0-1: Ball
1-1: Ball
2-1: Ball
Jayden Laming steals 2nd base
3-1: Fly out, F9 (Line Drive, 9)
Batting: RHB Mareka Naidoo 0-0: Ball
1-0: Ball
2-0: Fly out, F8 (Flyball, 78S)
Batting: LHB Joe Karnowski 0-0: Ball
1-0: Ground out 4-3 (Groundball, 4)
Bottom of the 3rd over - 0 runs, 0 hits, 0 errors, 1 left on base; Marquette 1 - Lannister United 3
TOP OF THE 4TH
Marquette Miners batting - Pitching for Lannister United Lionhearts : LHP Ezio Deodato
Batting: RHB Asko Riikonen 0-0: Foul Ball, location: 2F
0-1: Called Strike
0-2: Foul Ball, location: 2F
0-2: Strikes out swinging
Batting: RHB Eli Cline 0-0: Ball
1-0: Ball
2-0: Swinging Strike
2-1: Called Strike
2-2: Strikes out swinging
Batting: RHB Steven Rohrs 0-0: Called Strike
0-1: Foul Ball, location: 2F
0-2: Foul Ball, location: 2F
0-2: Fly out, F8 (Line Drive, 8LD)
Top of the 4th over - 0 runs, 0 hits, 0 errors, 0 left on base; Marquette 1 - Lannister United 3
BOTTOM OF THE 4TH
Lannister United Lionhearts batting - Pitching for Marquette Miners : RHP Melvin Tiburcio
Batting: LHB Chris Fitzgerald 0-0: Ball
1-0: Swinging Strike
1-1: Ball
2-1: Ball
3-1: Base on Balls
Batting: RHB Juan López 0-0: Ball
1-0: Fly out, F7 (Flyball, 7S)
Batting: LHB Duk-yeo Chin 0-0: Ball
1-0: Called Strike
1-1: SINGLE (Groundball, 34D)
Chris Fitzgerald to second
Runner from 2nd tries for 3rd, SAFE, no throw
Batting: RHB Cristo Cuervo 0-0: Ball
1-0: Called Strike
Duk-yeo Chin steals 2nd base
1-1: Foul Ball, location: 2F
1-2: Ball
2-2: Foul Ball, location: 2F
2-2: Ball
3-2: Foul Ball, location: 2F
3-2: Fly out, F6 (Line Drive, 6M)
Batting: RHB Chong-yee Au-Yong 0-0: Ball
1-0: Ball
2-0: Fly out, F8 (Flyball, 8RM)
Bottom of the 4th over - 0 runs, 1 hit, 0 errors, 2 left on base; Marquette 1 - Lannister United 3
TOP OF THE 5TH
Marquette Miners batting - Pitching for Lannister United Lionhearts : LHP Ezio Deodato
Batting: RHB Andrew Cantrell 0-0: Ball
1-0: Foul Ball, location: 2F
1-1: Ball
2-1: Swinging Strike
2-2: Ball
3-2: Foul Ball, location: 2F
3-2: Foul Ball, location: 2F
3-2: Strikes out swinging
Batting: RHB Roy Bowman 0-0: Ball
1-0: Called Strike
1-1: Ground out 5-3 (Groundball, 56)
Batting: RHB Rocky Cantrell 0-0: Ball
1-0: Called Strike
1-1: SINGLE (Groundball, 6D)
Batting: RHB Sameen Shaw 0-0: Called Strike
0-1: Swinging Strike
0-2: Ball
1-2: Fly out, F8 (Flyball, 8RM)
Top of the 5th over - 0 runs, 1 hit, 0 errors, 1 left on base; Marquette 1 - Lannister United 3
BOTTOM OF THE 5TH
Lannister United Lionhearts batting - Pitching for Marquette Miners : RHP Melvin Tiburcio
Batting: LHB Jayden Laming 0-0: Foul Ball, location: 2F
0-1: Ball
1-1: Foul Ball, location: 2F
1-2: Ball
2-2: Ball
3-2: Foul Ball, location: 2F
3-2: Ground out U3 (Groundball, 3)
Batting: LHB Takahiro Suzuki 0-0: Foul Ball, location: 2F
0-1: Called Strike
0-2: Ball
1-2: Ground out 4-3 (Groundball, 34D)
Batting: RHB Mareka Naidoo 0-0: Foul Ball, location: 2F
0-1: Ball
1-1: Foul Ball, location: 2F
1-2: SINGLE (Groundball, 56D)
Pitching: RHP Carl Stewart
Batting: LHB Joe Karnowski 0-0: Called Strike
0-1: Swinging Strike
0-2: Foul Ball, location: 2F
0-2: Ground out 4-3 (Groundball, 4)
Bottom of the 5th over - 0 runs, 1 hit, 0 errors, 1 left on base; Marquette 1 - Lannister United 3
TOP OF THE 6TH
Marquette Miners batting - Pitching for Lannister United Lionhearts : LHP Ezio Deodato
Batting: RHB Franklin Kelley 0-0: Swinging Strike
0-1: Ball
1-1: Ball
2-1: Swinging Strike
2-2: Strikes out looking
Batting: SHB Ben Boston 0-0: Ball
1-0: Ball
2-0: Ball
3-0: Called Strike
3-1: Fly out, F8 (Line Drive, 8LD)
Batting: RHB Asko Riikonen 0-0: Ball
1-0: Ground out 3-1 (Groundball, 34)
Top of the 6th over - 0 runs, 0 hits, 0 errors, 0 left on base; Marquette 1 - Lannister United 3
BOTTOM OF THE 6TH
Lannister United Lionhearts batting - Pitching for Marquette Miners : RHP Carl Stewart
Batting: LHB Chris Fitzgerald 0-0: Swinging Strike
0-1: Ball
1-1: Foul Ball, location: 2F
1-2: Ball
2-2: Ground out 6-3 (Groundball, 56)
Batting: RHB Juan López 0-0: Foul Ball, location: 2F
0-1: Called Strike
0-2: Ball
1-2: Foul Ball, location: 2F
1-2: SINGLE (Groundball, 6MD)
Batting: LHB Duk-yeo Chin 0-0: Called Strike
0-1: Ball
1-1: Ball
2-1: Ball
3-1: Fielders Choice at 2nd, 3-6 (Groundball, 3)
Batting: RHB Cristo Cuervo 0-0: Ball
1-0: Called Strike
1-1: Foul Ball, location: 2F
1-2: Ball
2-2: Strikes out swinging
Bottom of the 6th over - 0 runs, 1 hit, 0 errors, 1 left on base; Marquette 1 - Lannister United 3
TOP OF THE 7TH
Marquette Miners batting - Pitching for Lannister United Lionhearts : LHP Ezio Deodato
Batting: RHB Eli Cline 0-0: Ball
1-0: Ball
2-0: Ball
3-0: Base on Balls
Batting: RHB Steven Rohrs 0-0: Ball
1-0: Ball
Eli Cline is caught stealing 2nd base
2-0: Called Strike
2-1: SINGLE (Groundball, 6MD)
Batting: RHB Andrew Cantrell 0-0: Ball
1-0: Ball
2-0: Called Strike
2-1: Foul Ball, location: 2F
2-2: Ball
Throwing error on steal attempt, E2
Steven Rohrs to third
3-2: Foul Ball, location: 2F
3-2: Foul Ball, location: 2F
3-2: Ground out 6-3 (Groundball, 6)
Batting: RHB Roy Bowman 0-0: Ball
1-0: Ball
2-0: Called Strike
2-1: Ground out 5-3 (Groundball, 56)
Top of the 7th over - 0 runs, 1 hit, 1 error, 1 left on base; Marquette 1 - Lannister United 3
BOTTOM OF THE 7TH
Lannister United Lionhearts batting - Pitching for Marquette Miners : RHP Carl Stewart
Batting: RHB Chong-yee Au-Yong 0-0: Ground out 3-1 (Groundball, 34)
Batting: LHB Jayden Laming 0-0: Ground out U3 (Groundball, 3)
Batting: LHB Takahiro Suzuki 0-0: Ball
1-0: Called Strike
1-1: Foul Ball, location: 2F
1-2: Ball
2-2: Ball
3-2: SINGLE (Groundball, 6MD)
Batting: RHB Mareka Naidoo 0-0: Called Strike
0-1: Ball
Takahiro Suzuki steals 2nd base
1-1: Called Strike
1-2: Ground out 4-3 (Groundball, 34D)
Bottom of the 7th over - 0 runs, 1 hit, 0 errors, 1 left on base; Marquette 1 - Lannister United 3
TOP OF THE 8TH
Marquette Miners batting - Pitching for Lannister United Lionhearts : LHP Ezio Deodato
Batting: RHB Rocky Cantrell 0-0: Called Strike
0-1: Ball
1-1: Fly out, F8 (Flyball, 8LD)
Pitching: RHP Shusaku Kobayashi
Batting: RHB Sameen Shaw 0-0: Called Strike
0-1: Foul Ball, location: 2F
0-2: Ball
1-2: SINGLE (Line Drive, 3D)
Batting: RHB Franklin Kelley 0-0: Ball
1-0: Called Strike
1-1: Fly out, F9 (Flyball, 9LMF)
Batting: SHB Ben Boston 0-0: Swinging Strike
0-1: Ball
1-1: Foul Ball, location: 2F
1-2: Strikes out swinging
Top of the 8th over - 0 runs, 1 hit, 0 errors, 1 left on base; Marquette 1 - Lannister United 3
BOTTOM OF THE 8TH
Lannister United Lionhearts batting - Pitching for Marquette Miners : RHP Carl Stewart
Batting: LHB Joe Karnowski 0-0: Ground out U3 (Groundball, 3)
Batting: LHB Chris Fitzgerald 0-0: Ball
1-0: Called Strike
1-1: Foul Ball, location: 2F
1-2: Fly out, F8 (Flyball, 8LXD)
Batting: RHB Juan López 0-0: Foul Ball, location: 2F
0-1: Ground out U3 (Groundball, 34)
Bottom of the 8th over - 0 runs, 0 hits, 0 errors, 0 left on base; Marquette 1 - Lannister United 3
TOP OF THE 9TH
Marquette Miners batting - Pitching for Lannister United Lionhearts : RHP Shusaku Kobayashi
Pitching: RHP Harry Mander
Batting: RHB Asko Riikonen 0-0: Foul Ball, location: 2F
0-1: Called Strike
0-2: SINGLE (Line Drive, 6MD)
Batting: RHB Eli Cline 0-0: SINGLE (Groundball, 4D)
Asko Riikonen to second
Batting: RHB Steven Rohrs 0-0: Ball
1-0: Sac Bunt - play at first, batter OUT! 3-4
Asko Riikonen to third
Eli Cline to second
Batting: RHB Andrew Cantrell 0-0: Called Strike
0-1: Ball
Wild Pitch!
Asko Riikonen scores
Eli Cline to third
1-1: Ball
2-1: Ball
3-1: Foul Ball, location: 2F
3-2: Strikes out looking
Batting: RHB Roy Bowman 0-0: Ball
1-0: Ball
2-0: Foul Ball, location: 2F
2-1: SINGLE (Groundball, 56D)
Eli Cline scores
Pinch Hitting: RHB Mark Keys 0-0: Called Strike
0-1: SINGLE (Flyball, 9S)
Roy Bowman to second
Runner from 2nd tries for 3rd, SAFE, no throw
Batting: RHB Sameen Shaw 0-0: Ball
1-0: Called Strike
1-1: Foul Ball, location: 2F
1-2: Ball
2-2: SINGLE (Flyball, 9LS)
Roy Bowman scores
Mark Keys to second
Mark Keys to third
Batting: RHB Franklin Kelley 0-0: Fielders Choice at 2nd, 6-4 (Groundball, 6)
Top of the 9th over - 3 runs, 5 hits, 0 errors, 2 left on base; Marquette 4 - Lannister United 3
BOTTOM OF THE 9TH
Lannister United Lionhearts batting - Pitching for Marquette Miners : RHP Carl Stewart
Pitching: LHP Devin Gaines
Now at 1B: David Sheehan
Pinch Hitting: RHB Breanainn Swartwood 0-0: Ball
1-0: Called Strike
1-1: Swinging Strike
1-2: Ball
2-2: Foul Ball, location: 2F
2-2: Strikes out looking
Batting: RHB Cristo Cuervo 0-0: Called Strike
0-1: Called Strike
0-2: Ball
1-2: DOUBLE (Flyball, 89XD)
Batting: RHB Chong-yee Au-Yong 0-0: Ball
1-0: Ball
2-0: Ball
3-0: Base on Balls
Pinch Hitting: SHB Vernon T. Waldrip 0-0: Fly out, F4 (Popup, 4S)
Pinch Hitting: RHB Víctor Cuevas 0-0: Called Strike
0-1: Foul Ball, location: 2F
0-2: Ball
1-2: Foul Ball, location: 2F
1-2: Ball
2-2: Strikes out swinging
Bottom of the 9th over - 0 runs, 1 hit, 0 errors, 2 left on base; Marquette 4 - Lannister United 3
Tuesday, June 12th, 2018 - OOTP Baseball 18.8 Build 76